 Dungeon Crawl Stone Soup version 0.29.1-13-g9f3cf754e1 (webtiles) character file.

Game seed: 1440580403591009711

181 theswoord the Twirler (level 5, -19/57 HPs)
             Began as a Demonspawn Gladiator on Jan 22, 2023.
             Killed by an exploding goblin (37 damage)
             ... ignited by their inner flame
             ... on level 3 of the Dungeon.
             The game lasted 00:03:09 (2343 turns).

theswoord the Twirler (Demonspawn Gladiator)        Turns: 2343, Time: 00:03:10

Health: -19/57     AC:  9    Str: 16    XL:     5   Next: 34%
Magic:  5/5        EV:  7    Int: 10    God:
Gold:   35         SH:  6    Dex: 14    Spells: 4/4 levels left

rFire   . . .      SeeInvis .   a - +1 quarterstaff
rCold   . . .      Faith    .   (shield currently unavailable)
rNeg    . . .      Spirit   .   q - +0 chain mail
rPois   .          Reflect  .   c - +0 helmet
rElec   .          Harm     .   (no cloak)
rCorr   .          Rampage  .   (no gloves)
Will    .....                   (no boots)
Stlth   ..........              l - amulet of regeneration
HPRegen 0.99/turn               (no ring)
MPRegen 0.09/turn               (no ring)

@: berserking, weak-willed, very quick
A: large bone plates 2, spiny 1, demonic touch 1
a: no special abilities


You were on level 3 of the Dungeon.
You visited 1 branch of the dungeon, and saw 3 of its levels.

You collected 35 gold pieces.

Inventory:

Hand Weapons
 a - a +1 quarterstaff (weapon)
Missiles
 d - 2 throwing nets (quivered)
 e - a javelin
Armour
 b - a +0 leather armour
 c - a +0 helmet (worn)
 q - a +0 chain mail (worn)
Jewellery
 l - an amulet of regeneration (around neck)
Scrolls
 i - 2 scrolls of vulnerability
Potions
 m - a potion of might {unknown}


   Skills:
 - Level 2.0 Fighting
 + Level 5.5 Staves
 - Level 1.7 Throwing
 - Level 2.6 Dodging


You had 4 spell levels left.
You didn't know any spells.
Your spell library was empty.

Dungeon Overview and Level Annotations

Branches:
Dungeon (3/15)

Altars:

Shops:
D:3 ?


Innate Abilities, Weirdness & Mutations

You are mostly covered in large bone plates. (SH +6)
You are partially covered in sharp spines.
Your touch may inflict minor irresistible damage on your foes.


Message History

It is a scroll of identify.
h - a potion of berserk rage
As you read the scroll labelled QEKHLO OBOIMA, it crumbles to dust.
It is a scroll of enchant weapon.
Your +0 quarterstaff glows red for a moment.
As you read the scroll labelled JOMIAG ESTROGHU, it crumbles to dust.
Wisps of shadow whirl around you...
It was a scroll of summoning.
Your surroundings suddenly seem different.
Robin, 8 goblins and 3 hobgoblins come into view.
Robin shouts!
The goblin shouts! x5; The hobgoblin shouts!
The goblin shouts!
You hear a shout!
You block the goblin's attack. The goblin is struck by your spines.
The goblin hits you but does no damage.
As you read the scroll labelled CUESYT UMIAXI, it crumbles to dust.
The creatures around you are filled with an inner flame!
It was a scroll of immolation.
You block the goblin's attack. Robin throws the goblin at you!
You block the goblin's attack.
Sorry, you're not good enough to have a special ability.
Okay, then.
A red film seems to cover your vision as you go berserk!
You feel yourself moving faster!
You feel mighty! The goblin is struck by your spines.
Flame seeps out of the goblin.
The goblin completely misses you. You block the goblin's attack.
A hobgoblin comes into view.
The goblin barely misses you.
Unknown command.
Unknown command.
Unknown command.
You barely miss the goblin. You bludgeon the goblin!!
The goblin explodes!
The fiery explosion engulfs you!!!
Ouch! That really hurt!
* * * LOW HITPOINT WARNING * * *
The fiery explosion engulfs the goblin!!
The goblin explodes!
The fiery explosion engulfs the hobgoblin!!
The fiery explosion engulfs Robin!!
The fiery explosion engulfs you!!!
Ouch! That really hurt!
You die...

#########.#
#...§§@gg.#
#.g####°§g..#
§ggg....#
#..g.g...#
#........#
##.....#.#
....... #
........


You could see 3 hobgoblins and 6 goblins.

Vanquished Creatures
  An ogre (D:3)
  Jessica (D:2)
  Robin (D:3)
  An adder (D:2)
  A worm (D:2)
  A dart slug (D:1)
  7 bats
  5 endoplasms
  A giant cockroach (D:1)
  11 goblins
  6 hobgoblins
  6 jackals (D:1)
  2 quokkas (D:1)
  6 ball pythons (D:1)
  2 frilled lizards
  A kobold (D:1)
  7 rats (D:1)
60 creatures vanquished.

Notes
Turn   | Place    | Note
-------+----------+-------------------------------------------
     0 | D:1      | theswoord the Demonspawn Gladiator began the quest for the
                  | Orb.
     0 | D:1      | Reached XP level 1. HP: 16/16 MP: 1/1
   289 | D:1      | Reached skill level 3 in Staves
   319 | D:1      | Gained mutation: You are partially covered in large bone
                  | plates. (SH +4) [demonic ancestry]
   319 | D:1      | Reached XP level 2. HP: 22/22 MP: 2/2
   773 | D:1      | Gained mutation: You are partially covered in sharp spines.
                  | [demonic ancestry]
   773 | D:1      | Reached XP level 3. HP: 22/27 MP: 3/3
  1066 | D:1      | Found a faded altar of an unknown god.
  1087 | D:1      | Reached skill level 4 in Staves
  1579 | D:2      | Noticed Jessica
  1587 | D:2      | Killed Jessica
  1588 | D:2      | Gained mutation: Your touch may inflict minor irresistible
                  | damage on your foes. [demonic ancestry]
  1588 | D:2      | Reached XP level 4. HP: 15/33 MP: 4/4
  2270 | D:3      | Noticed an ogre
  2278 | D:3      | HP: 1/33 [ogre/+0 giant club (32)]
  2280 | D:3      | Killed an ogre
  2281 | D:3      | Reached skill level 5 in Staves
  2281 | D:3      | Gained mutation: You are mostly covered in large bone
                  | plates. (SH +6) [demonic ancestry]
  2281 | D:3      | Reached XP level 5. HP: 3/38 MP: 5/5
  2321 | D:3      | Found Muabb's Magic Scroll Shoppe.
  2339 | D:3      | Noticed Robin
  2343 | D:3      | Killed Robin
  2343 | D:3      | Killed by an exploding goblin... ignited by their inner
                  | flame

Skill      XL: |  1  2  3  4 |
---------------+-------------+-----
Staves         | 3 4 5 |  5.5
Fighting       | |  2.0
Throwing       | |  1.7
Dodging        | |  2.6

Action                   |  1- 3 |  4- 6 || total
-------------------------+-------+-------++-------
Melee: Quarterstaff      |   103 |    15 ||   118
Throw: Throwing net      |       |     2 ||     2
  Use: Scroll            |       |     8 ||     8
       Potion            |       |     1 ||     1
 Stab: Sleeping          |       |     1 ||     1
Armor: Leather armour    |    46 |       ||    46
       Chain mail        |       |     3 ||     3
Dodge: Dodged            |    81 |     4 ||    85
Block: Other             |    22 |     4 ||    26

Levels and vault maps discovered:
D:1:      dpeg_arrival_subterranean_lakeside_camping, layout_basic,
          shapermc_ecumenical_altar_starsandcircs
D:2:      layout_loops_ring, uniq_jessica
D:3:      layout_rooms, serial_shops, nicolae_shop_trees, minivault_26,
          uniq_robin
